cohdb
Replays
Latest Replays
All Replays
Popular Replays
Top Player Replays
Match Explorer
How It Works
Community
CoH3 Stats
Reddit
Sign in to upload your games and track your stats! →
Sign in with Steam
2v2 Double WM vs Double USA
Match 10810433
Overview
Messages
Build Orders
End
Selects Luftwaffe Battlegroup
Selects Fallschirmpioneer Squad Paradrop
Fallschirmpioneer Squad Paradrop
Kettenkrad Recon Vehicle
Construct Infanterie Kompanie
MG 42 Machine Gun Team
MG 42 Machine Gun Team
Construct Panzergrenadier Kompanie
Selects LG40 Recoilless Launcher Paradrop
LG40 Recoilless Launcher Paradrop
Panzergrenadier Squad
Panzergrenadier Squad
Sniper
Construct Panzer Kompanie
Selects Infantry Reserves
Selects Stuka Strafing Run
Panzer IV Medium Tank
Stuka Strafing Run
Stoßtruppen Squad
Selects Fallschirmjäger Squad Paradrop
251 Medium Carrier
Selects Stuka Loiter
Panzer IV Medium Tank
Stuka Loiter
Panzer IV Medium Tank
S K E N G
Ra11
REDFORCE
Yamete
0
0
Comments
sign in to comment!
No comments posted yet!